 Dungeon Crawl Stone Soup version 0.28.0-53-g5a82cb258f (webtiles) character file.

Game seed: 589332832279598430

15 SanguineChosen the Firebug (level 2, 0/15 HPs)
             Began as a Gargoyle Fire Elementalist on June 4, 2022.
             Frozen to death by an endoplasm (7 damage)
             ... on level 1 of the Dungeon.
             The game lasted 00:06:24 (608 turns).

SanguineChosen the Firebug (GrFE)                    Turns: 608, Time: 00:06:24

Health: 0/15       AC:  4    Str: 11    XL:     2   Next: 50%
Magic:  2/5        EV: 12    Int: 15    God:
Gold:   50         SH:  0    Dex: 10    Spells: 2/5 levels left

rFire   + . .      SeeInvis .   c - +0 dagger
rCold   x . .      Faith    .   (no shield)
rNeg    + . .      Spirit   .   a - +0 robe
rPois   ∞          Reflect  .   (no helmet)
rElec   +          Harm     .   (no cloak)
rCorr   .          Rampage  .   (no gloves)
Will    .....                   (no boots)
Stlth   ++........              (no amulet)
HPRegen 0.05/turn               e - ring of fire
MPRegen 0.09/turn               (no ring)

@: no status effects
A: sickness immunity, AC +2, negative energy resistance 1, electricity
resistance, torment resistance 1, petrification resistance
a: no special abilities


You were on level 1 of the Dungeon.
You visited 1 branch of the dungeon, and saw 1 of its levels.

You collected 50 gold pieces.

Inventory:

Hand Weapons
 c - a +0 dagger (weapon)
Armour
 a - a +0 robe (worn)
Jewellery
 e - a ring of fire (left hand)
Scrolls
 b - a scroll of immolation {unknown}
 d - 2 scrolls of blinking {unknown}


   Skills:
 + Level 1.6 Dodging
 + Level 2.2 Stealth
 + Level 2.2 Spellcasting
 + Level 1.1 Conjurations
 + Level 3.4 Fire Magic


You had 2 spell levels left.
You knew the following spells:

 Your Spells              Type           Power      Damage    Failure   Level
a - Foxfire               Conj/Fire      48%        2x1d6     9%          1
b - Scorch                Fire           36%        2d7       8%          2

Your spell library contained the following spells:

 Spells                   Type           Power      Damage    Failure   Level
 Conjure Flame            Conj/Fire      12%        6-21      26%         3
 Inner Flame              Hex/Fire       10%        N/A       32%         3
 Ignite Poison            Fire/Tmut/Pois 7%         N/A       38%         3
 Flame Wave               Conj/Fire      12%        2d6       63%         4
 Sticky Flame             Conj/Fire      12%        2d4       63%         4


Dungeon Overview and Level Annotations

Branches:
Dungeon (1/15)

Altars:


Innate Abilities, Weirdness & Mutations

You are immune to sickness and miasma.
Your stone body is resilient. (AC +2)
You are immune to poison.
You resist negative energy. (rN+)
You are resistant to electric shocks. (rElec)
You are resistant to unholy torment.
You are immune to petrification.


Message History

Confirm with . or Enter, or press ? or * to list all spells.
You feel a surge of power!
You conjure some foxfire!
The foxfire hits the endoplasm.
You kill the endoplasm!
Your foxfire dissipates!
Your foxfire dissipates!
Found a scroll labelled CIQUFU FYQEYL.
Found a faded altar of an unknown god.
A ball python, an endoplasm and a frilled lizard come into view.
The ball python hisses angrily.
The frilled lizard hisses angrily.
A rat comes into view.
You miss the frilled lizard. The frilled lizard barely misses you.
Casting: Foxfire (safe; 9% risk of failure)
Confirm with . or Enter, or press ? or * to list all spells.
You feel a surge of power!
You conjure some foxfire!
The endoplasm quivers.
The frilled lizard bites you.
You barely miss the frilled lizard.
The foxfire hits the frilled lizard.
You kill the frilled lizard!
The foxfire hits the ball python.
You kill the ball python!
Casting: Foxfire (safe; 9% risk of failure)
Confirm with . or Enter, or press ? or * to list all spells.
You feel a surge of power!
You conjure some foxfire!
The endoplasm hits you but does no damage.
The foxfire hits the rat.
You kill the rat!
The foxfire hits the endoplasm.
The endoplasm is lightly wounded.
The endoplasm freezes you.
You are frozen.
You feel a terrible chill!
You hit the endoplasm but do no damage.
The endoplasm is lightly wounded.
The endoplasm freezes you.
You are frozen.
You feel a terrible chill!
Casting: Foxfire (safe; 9% risk of failure)
Confirm with . or Enter, or press ? or * to list all spells.
You feel a surge of power!
You conjure some foxfire!
The endoplasm freezes you.
You are frozen!
You feel a terrible chill!
You die...

###### #.# #.#
...^##..... .#### #.#
###.# .#.## #####.
....#####.# ##..##
.#### #.
###..##...###..##
#..#. ##
##.........†..###....
#
##..........#...#...#
# #..........##
.....# #.........##
##._.##
#..........###v@J?.#
##..........#.v.#...#
##...#...#....##
..... ##########..##
..#. ##..# ## #...#
###...# ####


You could see an endoplasm (ally target).

Vanquished Creatures
  4 ball pythons (D:1)
  2 endoplasms (D:1)
  2 hobgoblins (D:1)
  A kobold (D:1)
  2 bats (D:1)
  2 frilled lizards (D:1)
  2 rats (D:1)
15 creatures vanquished.

Vanquished Creatures (others)
  26 foxfires (D:1)
  5 toadstools (D:1)
31 creatures vanquished.

Grand Total: 46 creatures vanquished

Notes
Turn   | Place    | Note
-------+----------+-------------------------------------------
     0 | D:1      | SanguineChosen the Gargoyle Fire Elementalist began the
                  | quest for the Orb.
     0 | D:1      | Reached XP level 1. HP: 10/10 MP: 3/3
   182 | D:1      | Reached XP level 2. HP: 12/15 MP: 1/5
   355 | D:1      | Learned a level 2 spell: Scorch
   591 | D:1      | Found a faded altar of an unknown god.
   608 | D:1      | Frozen to death by an endoplasm

Illustrated notes

Levels and vault maps discovered:
D:1:      ldierk_walled_garden, layout_rooms, nicolae_ecumenical_snake_handling

Action                   || total
-------------------------++-------
Melee: Dagger            ||     7
 Cast: Foxfire           ||    16
Armor: Robe              ||     5
Dodge: Dodged            ||    19
